 Dungeon Crawl Stone Soup version 0.32-a0-42-ga30500b4d3 (webtiles) character file.

Game seed: 17683254418758774648

1369 pokeman the Thaumaturge (level 8, -1/46 HPs)
             Began as a Deep Elf Hedge Wizard on Jan 27, 2024.
             Slain by an ice beast (4 damage)
             ... on level 7 of the Dungeon on Jan 28, 2024.
             The game lasted 00:12:33 (8215 turns).

pokeman the Thaumaturge (Deep Elf Hedge Wizard)     Turns: 8215, Time: 00:12:33

Health: -1/46      AC:  4    Str:  7    XL:     8   Next: 38%
Magic:  2/24       EV: 13    Int: 22    God:
Gold:   355        SH:  0    Dex: 14    Spells: 19/27 levels left

rFire   + . .        a - +0 dagger
rCold   + . .        (no shield)
rNeg    . . .        b - +0 robe
rPois   .            p - +0 helmet
rElec   .            (no cloak)
rCorr   .            t - +0 pair of gloves
SInv    .            (no boots)
Will    .....        (no amulet)
Stlth   ++           i - ring of protection from cold
HPRegen 0.27/turn    q - ring of protection from fire
MPRegen 0.19/turn

%: no passive effects
@: no status effects
A: no striking features
a: no special abilities


You were on level 7 of the Dungeon.
You visited 1 branch of the dungeon, and saw 7 of its levels.

You collected 355 gold pieces.

Inventory:

Hand Weapons
 a - a +0 dagger (weapon)
Missiles
 v - a throwing net
 z - 3 curare-tipped darts
Armour
 b - a +0 robe (worn)
 p - a +0 helmet (worn)
 t - a +0 pair of gloves (worn)
 C - a +0 kite shield
Jewellery
 i - a ring of protection from cold (left hand)
 q - a ring of protection from fire (right hand)
 u - a +6 ring of dexterity
 y - a ring of see invisible
 F - a +6 ring of strength
Wands
 w - a wand of quicksilver (9)
 D - a wand of polymorph (14)
Scrolls
 c - 2 scrolls of noise {unknown}
 e - 7 scrolls of identify {unknown}
 f - 2 scrolls of fear {unknown}
 g - a scroll of teleportation {unknown}
 h - a scroll of poison {unknown}
 k - 2 scrolls of vulnerability {unknown}
 l - a scroll of fog {unknown}
 n - a scroll of enchant weapon {unknown}
 B - a scroll of revelation {unknown}
 E - a scroll of silence {unknown}
Potions
 d - a potion of magic
 j - 3 potions of heal wounds {unknown}
 m - a potion of cancellation {unknown}
 o - a potion of might {unknown}
 r - a potion of ambrosia {unknown}
 s - 2 potions of lignification {unknown}
 x - a potion of berserk rage {unknown}
 A - 2 potions of haste {unknown}
 G - a potion of degeneration {unknown}


   Skills:
 + Level 3.4 Fighting
 - Level 1.0 Armour
 - Level 3.0 Dodging
 - Level 3.0 Stealth
 * Level 10.2 Spellcasting
 + Level 5.4 Conjurations
 - Level 1.1 Summonings
 - Level 1.1 Translocations
 - Level 1.1 Air Magic
 - Level 1.0 Alchemy
 - Level 1.0 Evocations


You had 19 spell levels left.
You knew the following spells:

 Your Spells              Type           Power      Damage    Failure   Level
a - Magic Dart            Conj           100%       1d8       1%          1
b - Mephitic Cloud        Conj/Alch/Air  22%        N/A       6%          3
c - Call Imp              Summ           32%        N/A       6%          2
d - Blink                 Tloc           32%        N/A       6%          2

Your spell library contained the following spells:

 Spells                   Type           Power      Damage    Failure   Level
 Slow                     Hex            44%        N/A       6%          1
 Cigotuvi's Dreadful Rot  Necr/Alch/Air  28%        N/A       7%          2
 Passage of Golubria      Tloc           16%        N/A       36%         4
 Silence                  Hex/Air        6%         N/A       78%         5
 Lehudib's Crystal Spear  Conj/Erth      11%        10d4      100%        8


Dungeon Overview and Level Annotations

Branches:
Dungeon (7/15)             Temple (0/1) D:7

Altars:
Cheibriados
Qazlal
Ru
Uskayaw

Shops:
D:5 :

Annotations:
D:5 2 transporters, Azoth's ghost, amateur OpHu
D:7 Duvessa; Maurice; Pikel


Message History

Your cerulean imp closely misses the ice beast.
Unknown command.
Unknown command.
You hit the killer bee but do no damage.
The killer bee is severely wounded.
The killer bee is engulfed in noxious fumes.
The killer bee appears confused.
The lemure is engulfed in noxious fumes.
The lemure appears confused.
The lemure hits the killer bee!
The killer bee is killed!
The ice beast hits your cerulean imp.
The ice beast freezes your cerulean imp.
Your cerulean imp closely misses the ice beast.
Unknown command.
Okay, then.
Unknown command.
Duvessa, Sister of Dowan comes into view.
She is wielding a +0 short sword of venom.
The lemure is engulfed in noxious fumes.
The lemure appears confused.
The lemure barely misses itself.
The ice beast hits your cerulean imp.
The ice beast freezes your cerulean imp!
Your cerulean imp dies!
Your cerulean imp disappears in a puff of smoke!
You feel a bit more experienced.
Unknown command.
A lemure comes into view.
Duvessa shouts!
Something barely misses the killer bee.
The lemure is engulfed in noxious fumes.
The lemure appears confused.
Unknown command.
Duvessa is engulfed in noxious fumes.
Duvessa appears confused.
Duvessa hits the lemure with a +0 short sword of venom.
The lemure is poisoned.
The lemure hits Duvessa but does no damage.
You hit the ice beast but do no damage.
Duvessa is engulfed in noxious fumes.
Duvessa appears confused.
Duvessa screams, "I'll kill you anyway!"
The ice beast hits you.
You die...

#......#####..#######.#
###.#.............# #
...#...##....###.#
#.##5#.#.##.##.#
#.........#.##.#
.#..⌠..#...##.#
#.....##.y##†#
#..#.#..##.5#Y#
#..##.##y.##Ke@#
..##).)##55y○###
....>.)..⌠.5#
.##...##....# ##.
#..##.# # #..##...#
...# .#... .⌠.. # ###.
....


You could see Pikel, Duvessa (confused), an ice beast, 2 lemures, 2 killer bees
and an ufetubus.

Vanquished Creatures
  2 black bears (D:6)
  An ice beast (D:6)
  An ogre (D:6)
  A phantom (D:5)
  4 scorpions
  3 killer bees (D:7)
  A howler monkey (D:7)
  2 bombardier beetles
  A jelly (D:6)
  2 hounds
  3 iguanas (D:5)
  An orc wizard (D:7)
  7 gnolls
  7 adders
  6 ufetubi
  2 dart slugs
  2 ribbon worms
  9 orcs
  12 ball pythons
  7 bats
  4 endoplasms
  A giant cockroach (D:3)
  7 goblins
  10 hobgoblins
  3 quokkas
  6 frilled lizards
  11 kobolds
  5 rats
121 creatures vanquished.

Vanquished Creatures (collateral kills)
  A sleepcap (D:6)
1 creature vanquished.

Grand Total: 122 creatures vanquished

Notes
Turn   | Place    | Note
-------+----------+-------------------------------------------
     0 | D:1      | pokeman the Deep Elf Hedge Wizard began the quest for the
                  | Orb.
     0 | D:1      | Reached XP level 1. HP: 10/10 MP: 7/7
   327 | D:1      | Reached XP level 2. HP: 15/15 MP: 6/9
  1353 | D:2      | Reached skill level 5 in Spellcasting
  1775 | D:2      | Reached XP level 3. HP: 20/20 MP: 8/11
  1779 | D:2      | Learned a level 3 spell: Mephitic Cloud
  1782 | D:2      | Learned a level 2 spell: Call Imp
  1785 | D:2      | Learned a level 2 spell: Blink
  2506 | D:2      | Reached skill level 1 in Fighting
  2506 | D:2      | Reached skill level 1 in Armour
  2604 | D:2      | Found a snail-covered altar of Cheibriados.
  2962 | D:3      | Reached XP level 4. HP: 25/25 MP: 8/13
  3431 | D:3      | Found a faded altar of an unknown god.
  3695 | D:3      | Found a hide-covered altar of Uskayaw.
  4021 | D:4      | Reached skill level 6 in Spellcasting
  4021 | D:4      | Reached XP level 5. HP: 29/29 MP: 7/15
  5000 | D:5      | Entered Level 5 of the Dungeon
  5000 | D:5      | Found a transporter.
  5006 | D:4      | Reached skill level 1 in Alchemy
  5252 | D:5      | Reached skill level 1 in Air Magic
  5252 | D:5      | Reached skill level 1 in Evocations
  5252 | D:5      | Reached XP level 6. HP: 34/34 MP: 5/17
  5480 | D:5      | Reached skill level 7 in Spellcasting
  5532 | D:5      | Found a transporter.
  5532 | D:5      | Noticed Azoth's ghost (amateur OpHu)
  5542 | D:5      | Found Huaff's Vocational Training.
  5794 | D:5      | Found a sacrificial altar of Ru.
  6264 | D:5      | Reached XP level 7. HP: 25/39 MP: 10/20
  6347 | D:5      | Reached skill level 8 in Spellcasting
  7103 | D:6      | Reached skill level 9 in Spellcasting
  7252 | D:6      | Reached XP level 8. HP: 44/46 MP: 6/23
  7255 | D:6      | Reached skill level 5 in Conjurations
  7631 | D:6      | Found a stormy altar of Qazlal.
  8007 | D:7      | Noticed Maurice
  8155 | D:7      | Found a staircase to the Ecumenical Temple.
  8181 | D:7      | Reached skill level 10 in Spellcasting
  8206 | D:7      | Noticed Pikel
  8209 | D:7      | HP: 1/46 [killer bee (6)]
  8211 | D:7      | Noticed Duvessa
  8215 | D:7      | Slain by an ice beast

Illustrated notes

Levels and vault maps discovered:
D:1:      sevenhm_arrival_forest_fort_large_2, layout_loops_corners,
          minmay_pentomino_q2
D:2:      layout_basic, basic_altar, patterned_corridor
D:3:      layout_basic, mainiacjoe_overflow_alcove_4,
          nicolae_ecumenical_snake_handling, grunt_ministairs_13
D:4:      layout_cave_pods, serial_park, serial_park_tiny_pond,
          serial_park_avenue1, serial_park_square2, serial_park_square2,
          minmay_hedge_maze
D:5:      layout_layer_cave, nicolae_ru_awakened_eye, gammafunk_ghost_arena,
          st_stairs_8, kennysheep_nondescript, nicolae_shop_vocational
D:6:      layout_basic, kennysheep_mini
D:7:      layout_basic, zin_purify, minmay_temple_entry_waves,
          chequers_serial_rivers_micro_e, amcnicky_mini_corridor_feature,
          uniq_pikel, uniq_duvessa, uniq_jeremiah, uniq_joseph, uniq_maurice

Skill      XL: |  1  2  3  4  5  6  7  8 |
---------------+-------------------------+-----
Spellcasting   | 5 6 7 9 10 | 10.2
Fighting       | 1 3 |  3.4
Armour         | 1 |  1.0
Conjurations   | 2 3 4 5 |  5.4
Dodging        | 3 |  3.0
Stealth        | 3 |  3.0
Alchemy        | 1 |  1.0
Air Magic      | 1 |  1.1
Evocations     | 1 |  1.0
Summonings     | |  1.1
Translocations | |  1.1

Action                     |  1- 3 |  4- 6 |  7- 9 || total
---------------------------+-------+-------+-------++-------
  Melee: Dagger            |     8 |    26 |    25 ||    59
         Punch             |       |       |     1 ||     1
   Cast: Magic Dart        |    93 |   171 |   100 ||   364
         Mephitic Cloud    |     1 |     7 |    12 ||    20
         Call Imp          |     1 |       |     5 ||     6
    Use: Potion            |     1 |       |       ||     1
   Stab: Sleeping          |     1 |       |       ||     1
         Confused          |     1 |     6 |     7 ||    14
 Armour: Robe              |     3 |    35 |    31 ||    69
  Dodge: Dodged            |    10 |    45 |    39 ||    94

Table legend: (Time is in decaauts)
 A = Elapsed time spent in this place.
 B = Non-inter-level travel time spent in this place.
 C = Inter-level travel time spent in this place.
 D = Time resting spent in this place.
 E = Time spent auto-exploring this place.
 F = Levels seen in this place.
 G = Mean time per level.
                   A        B        C        D        E       F      G
               +--------+--------+--------+--------+--------+-----+--------+
         Total |   8213 |   7953 |    260 |    354 |   6738 |   7 | 1173.3 |
       Dungeon |   8213 |   7953 |    260 |    354 |   6738 |   7 | 1173.3 |
               +--------+--------+--------+--------+--------+-----+--------+

Top non-repeatable levels by time:
     D:5: 1700 daAuts
     D:2: 1583 daAuts
     D:6: 1374 daAuts
     D:1: 1316 daAuts
     D:3: 1109 daAuts
     D:4: 1024 daAuts
     D:7: 104 daAuts
